 Dungeon Crawl Stone Soup version 0.20.1-1-g8b1a95d (webtiles) character file.

22556 Haldmier the Fighter (level 12, 0/100 HPs)
             Began as a Demonspawn Gladiator on Oct 12, 2017.
             Was a Priest of Ashenzari.
             Succumbed to a spiny frog's poison
             ... on level 3 of the Lair of Beasts.
             The game lasted 01:40:07 (21935 turns).

Haldmier the Fighter (Demonspawn Gladiator)        Turns: 21935, Time: 01:40:08

Health: 0/100      AC: 18    Str: 18    XL:     12   Next: 64%
Magic:  2/19       EV:  8    Int: 12    God:    Ashenzari [***...]
Gold:   375        SH: 18    Dex: 14    Spells: 21/21 levels left

rFire    + . .     SeeInvis +   a - +1 whip (venom)
rCold    . . .     Gourm    .   E - +0 large shield (curse)
rNeg     . . .     Faith    .   w - +2 plate armour {rF+}
rPois    .         Spirit   +   c - +0 helmet (curse)
rElec    +         Reflect  .   u - +1 cloak (curse)
rCorr    .         Harm     .   (no gloves)
MR       .....                  (no boots)
Stlth    ..........             (no amulet)
Regen    0.3/turn               X - ring of protection from cold
MPRegen  0.4/turn               q - ring of Wewin {+Fly rElec rC- EV+5}

@: lethally poisoned (0 -> 0), slowed, very slow
A: talons 1, yellow scales 2, demonic guardian 1, magic shield, magic
regeneration
a: Curse Item, Scrying, Renounce Religion, Evoke Flight


You were on level 3 of the Lair of Beasts.
You worshipped Ashenzari.
Ashenzari was most pleased with you.
You were hungry.

You visited 3 branches of the dungeon, and saw 14 of its levels.
You also visited: Volcano.

You collected 786 gold pieces.
You spent 411 gold pieces at shops.

Inventory:

Hand Weapons
 a - a +1 whip of venom (weapon)
 b - the +7 hand crossbow "Giva" {elec, +Fly rPois}
   (You found it on level 2 of the Lair of Beasts)

   It charges the ammunition it shoots with electricity; occasionally upon a
   hit, such missiles may discharge and cause terrible harm.
   It protects you from poison.
   It lets you fly.
 C - a +0 blowgun
 F - a +1 flail
 M - a +1 hand axe of chopping
Missiles
 d - 3 throwing nets
 x - 6 tomahawks (quivered)
 D - 98 poisoned needles
 H - 14 curare-tipped needles
 O - 112 bolts
Armour
 c - a cursed +0 helmet (worn)
 u - a cursed +1 cloak (worn)
 w - a +2 plate armour of fire resistance (worn)
 E - a cursed +0 large shield (worn)
Jewellery
 q - the ring of Wewin (right hand) {+Fly rElec rC- EV+5}
   (You bought it in a shop on level 4 of the Dungeon)

   [ring of evasion]

   It affects your evasion (+5).
   It makes you vulnerable to cold.
   It insulates you from electricity.
   It lets you fly.
 v - an uncursed ring of protection from cold
 A - an uncursed ring of protection from magic
 J - a +6 ring of strength
 X - a ring of protection from cold (left hand)
Wands
 e - a wand of flame (28/48)
 i - a wand of lightning (5/15)
 Q - a wand of digging (14/24)
 V - a wand of polymorph (4/24)
 Y - a wand of clouds (4/9)
Scrolls
 h - 2 scrolls of immolation
 m - a scroll of vulnerability {unknown}
 r - 7 scrolls of teleportation
 t - 3 scrolls of identify
 I - a scroll of fear
 K - a scroll of fog
 L - 3 scrolls of magic mapping
 T - 3 scrolls of remove curse
Potions
 g - 2 potions of cancellation
 k - a potion of invisibility {unknown}
 n - a potion of ambrosia
 o - a potion of haste
 s - 5 potions of curing
 z - 2 potions of magic
 B - 5 potions of heal wounds
 G - 3 potions of brilliance
 S - 2 potions of resistance
Books
 j - a book of Maledictions

   Spells                             Type                      Level
   a - Corona                         Hexes                        1
   b - Ensorcelled Hibernation        Hexes/Ice                    2
   c - Confuse                        Hexes                        3
   d - Tukima's Dance                 Hexes                        3
   e - Dazzling Spray                 Conjuration/Hexes            3
Miscellaneous
 y - a box of beasts
Comestibles
 f - 9 bread rations
 l - 2 royal jellies
 p - 8 meat rations
 N - 12 chunks of flesh


   Skills:
 - Level 11.0 Fighting
 - Level 10.0 Maces & Flails
 * Level 5.1 Crossbows
 - Level 3.0 Throwing
 - Level 3.0 Dodging
 + Level 11.0(12.6) Shields
 + Level 5.3 Spellcasting
 - Level 3.0 Evocations


You had 21 spell levels left.
You didn't know any spells.

Dungeon Overview and Level Annotations

Branches:
Dungeon (10/15)            Temple (1/1) D:4            Lair (3/6) D:10
  Swamp (0/4) Lair:2
  Snake: Lair:2-4    Spider: Lair:2-4       Orc: D:9-12

Altars:
Ashenzari
Cheibriados
Dithmenos
Elyvilon
Fedhas
Gozag
Hepliaklqana
Kikubaaqudgha
Makhleb
Nemelex Xobeh
Okawaru
Qazlal
Ru
Sif Muna
Trog
Uskayaw
Vehumet
Xom
Yredelemnul
Zin
The Shining One

Shops:
D:4 !*   D:5 *

Portals:
Trove: D:10 (give 15 scrolls of teleportation)


Innate Abilities, Weirdness & Mutations

You have sharp toenails.
You are mostly covered in yellow scales. (AC +3)
A weak demonic guardian rushes to your aid.
When hurt, damage is shared between your health and your magic reserves.
You regenerate magic rapidly.


Message History

Your white imp holds its ground!
Your white imp dies!
The polar bear goes berserk!
You feel yourself speed up.
The dream sheep shake their wool and sparkle.
You feel drowsy...
You fall asleep.
The polar bear bites you!!!
You wake up.
* * * LOW HITPOINT WARNING * * *
You block the polar bear's attack.
The polar bear claws you but does no damage.
Being near the torpor snail leaves you feeling lethargic.
Okay, then.
Unknown command.
As you read the scroll of fear, it crumbles to dust.
You assume a fearsome visage.
The elephant resists with almost no effort.
The elephant looks frightened!
The torpor snail looks frightened!
The dream sheep looks frightened!
A frightened dream sheep leaps away.
You die...

* #.....#...w###.#...
, *, #............ , *
##.+.w####.#+, ****
#.#........#
#.Y..#.#...#, ####
#.#...{....#, ##.#
###.#..Y#..#.# , .P.##
#...†.#Yh..# , ....#
##......@..# * {..##
#.#.#.+#.##+ , ..###
##.......... , *
..#.####......#.#...,
, ....................
, ,
..##.###.####P....P##,
, #.###.####.# ##.....
+* ###
#.....########... , *
* ##.>....##.# *, , +


You could see 2 elephants, a torpor snail (fleeing), a polar bear (berserk) and
a dream sheep (fleeing).

Vanquished Creatures
  A centaur warrior (Volcano)
  2 hydras
  A two-headed ogre (D:9)
  A hell knight (Volcano)
  A wizard (D:10)
  2 oklob plants (Lair:2)
  An ugly thing (D:10)
  An elephant (Lair:3)
  2 black mambas
  A molten gargoyle (Volcano)
  5 spiny frogs
  A yaktaur (Volcano)
  A troll (D:9)
  6 blink frogs (Lair:1)
  A wind drake (Lair:1)
  3 hippogriffs
  Sigmund (D:2)
  A basilisk (D:10)
  20 yaks
  5 fire bats (Volcano)
  A wyvern (Lair:2)
  Grum (Lair:1)
  11 swamp worms (Lair:2)
  A soldier ant (D:10)
  Menkaure (D:6)
  5 water moccasins
  7 porcupines
  2 orc warriors
  3 sky beasts
  5 phantoms
  An ice beast (D:9)
  5 centaurs
  4 crocodiles (D:10)
  3 wolves (Lair:1)
  3 big kobolds
  4 bullfrogs
  A scorpion (Lair:3)
  9 killer bees
  An electric eel (Lair:2)
  3 howler monkeys (D:10)
  2 crimson imps (D:5)
  8 lava snakes (Volcano)
  2 quasits (D:9)
  2 bullfrog zombies
  5 hounds
  5 orc priests
  2 bullfrog skeletons
  2 jellies
  10 orc wizards
  Crazy Yiuf (D:7)
  A gnoll shaman (D:4)
  4 iguanas
  6 worker ants
  7 adders
  11 gnolls
  An ooze (D:3)
  18 worms
  3 dart slugs
  4 leopard geckos
  32 orcs
  A ball python (D:2)
  8 bats
  4 giant cockroaches
  6 goblins
  7 hobgoblins
  14 jackals
  47 kobolds
  3 quokkas
  6 frilled lizards
  2 jackal skeletons
  A jackal zombie (D:5)
  3 leopard gecko skeletons
  2 leopard gecko zombies
  3 quokka skeletons
  A quokka zombie (D:6)
  8 rats
  5 plants (Lair:2)
375 creatures vanquished.

Vanquished Creatures (collateral kills)
  Snorg (D:10)
  2 oklob plants (Lair:2)
  2 blink frogs (Lair:1)
  2 hippogriffs
  A yak (Lair:3)
  A fire bat (Volcano)
  A porcupine (D:10)
  A black bear (D:9)
  An ogre (D:6)
  A wolf (Lair:1)
  A centaur (Volcano)
  A bullfrog (Lair:2)
  2 killer bees
  2 hounds
  2 orc wizards (D:9)
  A leopard gecko (D:9)
  An orc (D:9)
  A fungus (Lair:1)
24 creatures vanquished.

Vanquished Creatures (others)
  6 fungi
  A plant (Lair:2)
7 creatures vanquished.

Grand Total: 406 creatures vanquished

Notes
Turn   | Place    | Note
-------+----------+-------------------------------------------
     0 | D:1      | Haldmier the Demonspawn Gladiator began the quest for the Orb.
     0 | D:1      | Reached XP level 1. HP: 16/16 MP: 1/1
   479 | D:1      | Gained mutation: You have sharp toenails. [demonic ancestry]
   479 | D:1      | Reached XP level 2. HP: 22/22 MP: 2/2
  1126 | D:2      | Reached XP level 3. HP: 27/27 MP: 3/3
  1157 | D:2      | Noticed Sigmund
  2084 | D:3      | Gained mutation: When hurt, damage is shared between your health and your magic reserves. [demonic ancestry]
  2084 | D:3      | Reached XP level 4. HP: 34/34 MP: 4/4
  2777 | D:3      | Reached XP level 5. HP: 33/39 MP: 2/5
  3935 | D:4      | Found Nyruqip's Assorted Antiques.
  3940 | D:4      | Bought a twitching iron ring for 115 gold pieces
  3940 | D:4      | Found a staircase to the Ecumenical Temple.
  3945 | D:4      | Noticed a phantom
  3949 | Temple   | Entered the Ecumenical Temple
  3956 | Temple   | Became a worshipper of Ashenzari the Shackled
  3956 | Temple   | Identified the ring of Wewin {+Fly rElec rC- EV+5} (You bought it in a shop on level 4 of the Dungeon)
  4012 | D:4      | Killed a phantom
  4012 | D:4      | Reached skill level 5 in Maces & Flails
  4012 | D:4      | Reached XP level 6. HP: 30/47 MP: 6/6
  4544 | D:4      | Found a basalt altar of Yredelemnul.
  4803 | D:4      | Found Qiocracomp's Distillery.
  4806 | D:4      | Bought a potion of curing for 42 gold pieces
  4806 | D:4      | Bought a potion of degeneration for 14 gold pieces
  5676 | D:4      | Gained mutation: You are partially covered in yellow scales. (AC +2) [demonic ancestry]
  5676 | D:4      | Reached XP level 7. HP: 53/54 MP: 7/7
  6004 | D:3      | Reached skill level 1 in Spellcasting
  6557 | D:5      | Entered Level 5 of the Dungeon
  6870 | D:5      | Reached skill level 5 in Fighting
  7400 | D:5      | Found Dekanon's Assorted Antiques.
  7413 | D:5      | Gained mutation: A weak demonic guardian rushes to your aid. [demonic ancestry]
  7413 | D:5      | Reached XP level 8. HP: 62/62 MP: 11/11
  7632 | D:6      | HP: 3/62 [acid (5)]
  7984 | D:6      | Reached skill level 1 in Shields
  8436 | D:6      | Noticed Menkaure
  8446 | D:6      | Killed Menkaure
  8719 | D:6      | Found a hazy altar of Hepliaklqana.
  8756 | D:7      | Reached * piety under Ashenzari
  9309 | D:7      | Found a runed door.
  9313 | D:7      | Noticed Crazy Yiuf
  9321 | D:7      | Killed Crazy Yiuf
  9321 | D:7      | Reached skill level 5 in Shields
  9752 | D:8      | Found a snail-covered altar of Cheibriados.
  9804 | D:8      | Gained mutation: You regenerate magic rapidly. [demonic ancestry]
  9804 | D:8      | Reached XP level 9. HP: 41/68 MP: 7/12
 10830 | D:5      | Bought a shimmering mace for 240 gold pieces
 11103 | D:2      | Killed Sigmund
 11425 | D:9      | Noticed a troll
 11436 | D:9      | Killed a troll
 11608 | D:9      | Noticed a two-headed ogre
 11650 | D:9      | Killed a two-headed ogre
 12467 | D:8      | Gained mutation: You are mostly covered in yellow scales. (AC +3) [demonic ancestry]
 12467 | D:8      | Reached XP level 10. HP: 41/79 MP: 8/13
 13412 | D:10     | Entered Level 10 of the Dungeon
 13413 | D:10     | Reached ** piety under Ashenzari
 13422 | D:10     | Noticed a brown ugly thing
 13432 | D:10     | Killed a brown ugly thing
 13471 | D:10     | Noticed a wizard
 13488 | D:10     | Killed a wizard
 14230 | D:10     | Found a staircase to the Lair.
 14847 | D:10     | Noticed Snorg
 14867 | D:10     | Killed Snorg
 14867 | D:10     | Reached XP level 11. HP: 84/89 MP: 14/14
 15020 | D:10     | Found a portal to a secret trove of treasure.
 15175 | Lair:1   | Entered Level 1 of the Lair of Beasts
 15204 | Lair:1   | Found a dark tunnel.
 15209 | Volcano  | Entered a volcano
 16341 | Volcano  | Noticed a hell knight
 16365 | Volcano  | Noticed a centaur warrior
 16371 | Volcano  | Killed a hell knight
 16371 | Volcano  | Reached skill level 10 in Maces & Flails
 16375 | Volcano  | Killed a centaur warrior
 16666 | Volcano  | Found a bloodstained altar of Trog.
 16722 | Volcano  | Reached skill level 10 in Fighting
 16848 | Lair:1   | Reached skill level 10 in Shields
 17321 | Lair:1   | Noticed Grum
 17363 | Lair:1   | Killed Grum
 17628 | Lair:1   | Noticed Sonja
 17632 | Lair:1   | Noticed Sonja
 17632 | Lair:1   | Sonja changed into Sonja the wind drake
 17643 | Lair:1   | Killed Sonja the wind drake
 17643 | Lair:1   | Reached skill level 1 in Evocations
 17925 | Lair:1   | Reached *** piety under Ashenzari
 18837 | Lair:2   | Got the hand crossbow "Giva" {elec, +Fly rPois}
 18956 | Lair:2   | Identified the +7 hand crossbow "Giva" {elec, +Fly rPois} (You found it on level 2 of the Lair of Beasts)
 19422 | Lair:1   | Reached skill level 1 in Crossbows
 19422 | Lair:1   | Reached XP level 12. HP: 72/98 MP: 13/17
 19792 | Lair:2   | Found a staircase to the Swamp.
 21330 | Lair:2   | Noticed a four-headed hydra
 21337 | Lair:2   | Killed a four-headed hydra
 21658 | Lair:3   | Noticed a six-headed hydra
 21665 | Lair:3   | Killed a six-headed hydra
 21702 | Lair:3   | Reached skill level 5 in Spellcasting
 21901 | Lair:3   | Reached skill level 5 in Crossbows
 21934 | Lair:3   | HP: 1/100 [polar bear (37)]
 21935 | Lair:3   | Succumbed to a spiny frog's poison

Skill      XL: |  1  2  3  4  5  6  7  8  9 10 11 12 |
---------------+-------------------------------------+-----
Throwing       | 2 3 |  3.0
Maces & Flails | 3 4 5 6 8 9 10 | 10.0
Dodging        | 3 |  3.0
Fighting       | 3 4 5 7 9 10 11 | 11.0
Spellcasting   | 2 3 5 |  5.3
Shields        | 6 7 9 10 11 | 11.0
Evocations     | 3 |  3.0
Crossbows      | 1 5 |  5.1

Action                   |  1- 3 |  4- 6 |  7- 9 | 10-12 || total
-------------------------+-------+-------+-------+-------++-------
Melee: Flail             |   117 |   200 |   214 |       ||   531
       Kick              |    17 |    40 |   130 |   422 ||   609
       Hand axe          |       |       |   382 |   249 ||   631
       Dagger            |       |       |       |    54 ||    54
       Whip              |       |       |       |   784 ||   784
 Fire: Hunting sling     |    17 |    26 |       |    73 ||   116
       Blowgun           |       |       |    10 |       ||    10
       Hand crossbow     |       |       |       |    22 ||    22
Throw: Stone             |    11 |    15 |     2 |       ||    28
       Tomahawk          |       |       |     8 |     8 ||    16
Invok: Curse Item        |       |       |     3 |       ||     3
Evoke: Wand              |       |       |       |     5 ||     5
  Use: Scroll            |       |     8 |     6 |     8 ||    22
       Potion            |       |     1 |       |     1 ||     2
 Stab: Distracted        |       |       |     3 |     5 ||     8
       Confused          |       |       |       |     1 ||     1
  Eat: Chunk             |     4 |     9 |    18 |    26 ||    57
       Royal jelly       |       |     1 |     2 |     1 ||     4
       Fruit             |       |       |       |     4 ||     4
Armor: Leather armour    |    30 |     2 |       |       ||    32
       Ring mail         |       |    73 |   276 |    85 ||   434
       Chain mail        |       |       |       |    32 ||    32
       Plate armour      |       |       |       |    56 ||    56
Dodge: Dodged            |    69 |   155 |   329 |   199 ||   752
Block: Large shield      |       |       |   300 |   646 ||   946
